Map: Dusk Towers

Players

FinnsoN - Winner!

  • Race: Terran Terran
  • League: Master

Nomac

  • Race: Zerg Zerg
  • League: Master

VOD

Have the link to the VOD?

Description

Time

  • Played on: July 10, 2016, 12:04 p.m.
  • Length: 14:32
Show
View Real Time Build Order
Export as new Build Order

FinnsoN Terran - Winner!

Build Orders: Bio Tank 

Get SALT Encoding   

  12  0:00  SCV  
  13  0:13  SCV  
  14  0:18  Supply Depot  
  14  0:25  SCV  
  15  0:39  SCV  
  16  0:43  Barracks  
  16  0:50  Refinery  
  16  0:51  SCV  
  17  1:03  SCV  
  18  1:15  SCV  
  19  1:30  Orbital Command  
  19  1:33  Barracks Reactor  
  19  1:45  Command Center  
  19  1:56  SCV  
  19  1:57  Supply Depot  
  20  2:08  SCV  
  20  2:10  Reaper x2  
  23  2:20  SCV  
  24  2:27  Command Center  
  24  2:32  SCV  
  25  2:42  Reaper  
  26  2:45  SCV  
  26  2:50  Reaper  
  28  2:57  SCV  
  29  2:58  Orbital Command  
  29  3:05  Barracks  
  29  3:07  Barracks  
  29  3:09  SCV  
  29  3:10  Refinery  
  30  3:15  Marine  
  31  3:21  SCV  
  31  3:22  Marine  
  33  3:30  SCV  
  33  3:33  SCV  
  35  3:35  Marine  
  35  3:39  Marine  
  35  3:40  Orbital Command  
  37  3:43  SCV  
  38  3:51  SCV  
  38  3:53  Marine, Barracks Tech Lab  
  38  3:54  Barracks Tech Lab  
  41  3:55  SCV  
  41  3:57  Marine  
  41  3:59  Supply Depot  
  41  4:00  Supply Depot  
  42  4:09  SCV  
  43  4:10  Marine  
  43  4:13  Marine  
  43  4:15  Combat Shields, Marine, Stimpack  
  43  4:16  Marine  
  45  4:18  SCV  
  45  4:23  SCV  
  47  4:24  SCV  
  47  4:25  Factory  
  47  4:30  SCV  
  49  4:32  Supply Depot, Marine  
  49  4:33  Marine  
  49  4:35  Marine, SCV  
  49  4:37  SCV  
  54  4:41  Marauder  
  54  4:43  SCV  
  55  4:51  Supply Depot, SCV, Marauder, Marine  
  55  4:52  Supply Depot  
  59  4:53  SCV  
  59  4:55  SCV  
  61  5:02  Marine  
  61  5:03  SCV, Marauder  
  61  5:06  SCV  
  66  5:10  Starport  
  66  5:12  Marauder, Factory Reactor  
  66  5:13  Refinery  
  68  5:16  Marine  
  68  5:19  SCV  
  70  5:23  Marine  
  70  5:26  Marauder  
  73  5:31  SCV  
  73  5:32  Refinery, Engineering Bay  
  73  5:34  Marine, Marauder, Engineering Bay  
  77  5:38  Supply Depot, SCV  
  77  5:39  Orbital Command  
  77  5:41  Marine  
  79  5:47  Marine  
  80  5:50  Barracks  
  80  5:52  Marine  
  80  5:53  Barracks  
  80  5:54  SCV  
  80  5:55  Marine  
  83  5:58  SCV  
  83  5:59  Marine  
  85  6:05  SCV  
  85  6:06  SCV, Marine  
  85  6:10  Terran Infantry Armor Level 1, Terran Infantry Weapons Level 1  
  88  6:13  Medivac x2  
  88  6:14  Factory Tech Lab, Marine  
  88  6:15  Marine  
  88  6:16  Concussive Shells  
  94  6:19  SCV  
  94  6:20  SCV  
  94  6:21  SCV  
  94  6:24  Supply Depot  
  97  6:26  Marauder  
  97  6:29  Marine  
  97  6:32  SCV, Marine  
  101  6:33  Marauder  
  101  6:34  SCV  
  101  6:36  SCV  
  101  6:39  Barracks Reactor  
  106  6:40  Barracks Reactor  
  106  6:44  Siege Tank  
  106  6:45  SCV  
  110  6:47  Marine  
  110  6:49  Supply Depot  
  110  6:51  Marine x2  
  110  6:53  SCV, Armory  
  110  6:54  Marine  
  114  6:57  SCV, Refinery x2  
  116  7:01  SCV  
  117  7:10  Marine x2  
  117  7:11  SCV, Medivac x2  
  117  7:12  SCV  
  125  7:17  Supply Depot  
  125  7:19  Supply Depot  
  125  7:38  Marine x2  
  125  7:39  Factory, SCV, Marauder, Siege Tank  
  125  7:40  Supply Depot, Command Center  
  125  7:41  Marine x3, Marauder, SCV x2, Barracks  
  125  7:42  Barracks  
  140  7:51  SCV  
  141  7:56  SCV, Medivac  
  141  8:01  Marine  
  141  8:02  Marauder x2  
  141  8:03  Supply Depot  
  141  8:04  Terran Infantry Weapons Level 2  
  141  8:05  Supply Depot x2  
  146  8:06  Supply Depot  
  146  8:10  Terran Infantry Armor Level 2  
  146  8:13  Medivac  
  146  8:14  Marine  
  149  8:22  Supply Depot  
  149  8:24  Marine, Marauder, SCV  
  150  8:34  Marine  
  150  8:37  Marine  
  150  8:38  Marauder, Medivac  
  156  8:42  Marine  
  156  8:43  Medivac  
  156  8:44  Barracks Tech Lab x2  
  156  8:45  Supply Depot  
  156  8:46  Factory Tech Lab, Marauder  
  156  8:47  Marine  
  162  8:50  Supply Depot  
  152  8:59  Marauder, Siege Tank  
  152  9:01  Marine x3  
  160  9:07  Marauder  
  160  9:08  Marine  
  160  9:09  Marine  
  162  9:10  Marauder x2  
  162  9:14  Siege Tank  
  162  9:15  Marine  
  164  9:19  Marine  
  164  9:20  Marauder  
  167  9:27  Medivac, Liberator  
  167  9:29  Marine, Marauder  
  167  9:31  Siege Tank  
  174  9:32  Marine x2, Marauder x2  
  174  9:33  Marine x2  
  181  9:42  Marauder  
  181  9:45  Marine  
  173  9:46  Siege Tank  
  173  9:48  Marine  
  173  9:50  Marauder  
  170  9:53  Marauder  
  170  9:54  Marine x2  
  174  10:03  Siege Tank  
  174  10:04  Marine x3  
  174  10:05  Marine x2  
  174  10:06  Marine  
  177  10:11  Marine  
  177  10:12  Marine  
  179  10:18  Siege Tank  
  179  10:21  Terran Infantry Weapons Level 3  
  182  10:22  Marine  
  182  10:23  Marine, Marauder x3  
  182  10:25  Marine  
  186  10:28  Marine  
  186  10:29  Marauder  
  186  10:35  Refinery, Siege Tank  
  188  10:37  Refinery  
  188  10:43  Planetary Fortress  
  188  10:44  Marauder  
  190  10:50  Marine, Siege Tank  
  190  10:51  Marine x2  
  196  10:59  Barracks x2  
  196  11:00  Missile Turret  
  196  11:01  Marine  
  196  11:02  Command Center  
  197  11:04  Marine  
  197  11:05  Marauder  
  197  11:09  Terran Infantry Armor Level 3  
  200  11:20  Terran Vehicle Weapons Level 1  
  200  11:24  Marine  
  200  11:38  Marine x4  
  200  11:39  Marine x3  
  183  11:44  Marine  
  183  11:45  Marine x2  
  167  11:56  Marine x4  
  167  11:57  Marine x3  
  174  12:02  Marine x3  
  174  12:06  Barracks Tech Lab  
  177  12:11  Liberator x2  
  177  12:13  Marine  
  177  12:14  Marine x2  
  180  12:16  Marine  
  180  12:17  Marauder  
  180  12:20  Marine  
  179  12:26  Marine x2  
  187  12:33  Marine, Marauder  
  187  12:34  Marine, Starport  
  187  12:35  Starport  
  187  12:36  Marine  
  192  12:37  Command Center  
  192  12:38  Marine  
  192  12:39  Marauder x2  
  197  12:48  Marine  
  197  12:49  Marauder  
  200  13:18  Marauder  
  199  13:26  Marauder  
  172  13:34  Marine x3  
  172  13:35  Marine x3  
  178  13:41  Starport Reactor x2  
  178  13:45  Marauder x2  
  178  13:47  Marine  
  178  13:48  Marauder x2  
  187  13:54  Command Center  
  189  14:07  Marauder  
  194  14:12  Marine x3  
Show
View Real Time Build Order
Export as new Build Order

Nomac Zerg 

Build Orders: Hatch First 

Get SALT Encoding   

  12  0:01  Drone  
  13  0:15  Overlord  
  13  0:20  Drone  
  14  0:34  Drone x2  
  16  0:50  Hatchery  
  16  0:52  Drone  
  16  1:07  Spawning Pool  
  16  1:09  Drone  
  16  1:12  Extractor  
  16  1:14  Drone  
  16  1:18  Drone  
  16  1:22  Drone  
  18  1:32  Drone  
  19  1:42  Overlord  
  19  1:53  Queen  
  21  1:54  Zergling x2  
  22  2:02  Drone, Queen  
  22  2:06  Drone  
  26  2:13  Drone  
  27  2:19  Drone  
  28  2:24  Drone  
  29  2:35  Drone x2  
  31  2:38  Drone, Queen  
  33  2:52  Roach Warren, Queen  
  34  3:02  Drone  
  35  3:06  Overlord  
  35  3:08  Drone  
  35  3:12  Extractor  
  35  3:37  Roach x3  
  35  3:38  Roach  
  35  3:39  Overlord x2  
  43  4:03  Ravager x4  
  43  4:04  Roach  
  43  4:05  Roach, Overlord  
  50  4:17  Drone x4  
  51  4:20  Spore Crawler  
  51  4:21  Spore Crawler  
  50  4:30  Drone x4  
  54  4:32  Lair  
  54  4:38  Hatchery  
  53  4:45  Pneumatized Carapace  
  53  4:47  Drone x2  
  53  4:48  Extractor  
  53  4:49  Drone  
  53  4:51  Drone  
  56  5:07  Drone x2  
  56  5:08  Drone x5  
  63  5:18  Roach x2  
  67  5:28  Overlord x2  
  67  5:29  Overlord, Glial Reconstitution  
  67  5:33  Extractor  
  66  5:52  Evolution Chamber  
  66  5:53  Evolution Chamber  
  64  6:00  Drone x2  
  64  6:01  Drone x10  
  76  6:07  Drone x2  
  76  6:10  Drone x3  
  81  6:14  Overseer  
  81  6:16  Overlord  
  81  6:18  Zerg Missile Weapons Level 1  
  81  6:21  Zerg Ground Armor Level 1  
  81  6:29  Roach x3  
  81  6:31  Roach  
  89  6:37  Ravager x4  
  93  6:41  Drone x2  
  93  6:42  Overlord  
  93  6:43  Overlord  
  95  6:48  Infestation Pit  
  95  6:49  Drone x3  
  97  7:02  Roach x8  
  113  7:10  Overlord x2  
  113  7:11  Overlord  
  113  7:15  Extractor x2  
  111  7:27  Pathogen Glands  
  111  7:28  Roach x2  
  111  7:29  Roach x2  
  119  7:32  Roach  
  119  7:33  Roach x5  
  131  7:41  Drone x4  
  131  7:42  Drone x2  
  137  7:45  Overlord  
  137  7:49  Overlord x3  
  129  8:01  Ravager  
  129  8:02  Roach x4  
  129  8:05  Hive  
  138  8:07  Overlord  
  138  8:08  Overlord  
  138  8:12  Roach x3  
  150  8:20  Roach x4  
  152  8:30  Spore Crawler  
  152  8:32  Spore Crawler  
  147  8:41  Infestor x3  
  153  8:58  Zerg Ground Armor Level 2  
  153  8:59  Zerg Melee Weapons Level 1  
  153  9:16  Hatchery  
  145  9:31  Roach x14  
  161  9:53  Ultralisk Cavern  
  157  10:01  Hatchery  
  156  10:23  Overlord x3  
  156  10:34  Overlord x2  
  156  10:35  Overseer  
  154  10:36  Ravager x2  
  156  10:45  Roach  
  156  10:46  Ravager  
  156  10:47  Ravager x5  
  164  10:52  Drone x3  
  167  11:01  Extractor  
  166  11:06  Hatchery  
  165  11:22  Ultralisk  
  165  11:23  Ultralisk  
  130  11:47  Ultralisk  
  136  11:55  Ultralisk  
  136  11:59  Metabolic Boost  
  142  12:01  Queen  
  142  12:04  Hatchery  
  104  12:23  Ultralisk  
  104  12:26  Zergling x2  
  104  12:27  Zergling x32  
  104  12:28  Zergling x2  
  125  12:30  Ultralisk  
  125  12:33  Chitinous Plating  
  131  12:48  Ultralisk  
  136  12:56  Queen  
  138  13:05  Spire  
  137  13:07  Zergling x2  
  137  13:08  Zergling x20  
  137  13:12  Hatchery  
  141  13:22  Ultralisk  
  103  13:36  Ultralisk  
  106  13:46  Ultralisk  
  108  14:02  Zergling x2  
  108  14:03  Zergling x24  
  120  14:15  Overseer x2  
Tags
 
Add a new tag
Caveats
  • Supply blocks, unpowered buildings, or Contaminate may cause inaccurate times.
  • Supply counts are checked every 10 seconds.